[Event "RUS-chT Men Rapid 2019"]
[Site "Sochi"]
[Date "2019.10.18"]
[Round "5.28"]
[White "Samusenko, Maksim"]
[Black "Girshgorn, Leonid"]
[Result "0-1"]
[ECO "B06"]
[WhiteElo "2445"]
[BlackElo "2183"]
[Annotator "NA"]
[PlyCount "132"]
[EventDate "2019.10.18"]
[EventType "swiss"]
[EventCountry "RUS"]
[SourceTitle "playchess.com"]
[Source "ChessBase"]
[SourceQuality "1"]
[TimeControl "900+10"]

1. d4 g6 2. e4 Bg7 3. Nc3 e6 4. Be3 Ne7 5. Qd2 d5 6. O-O-O O-O 7. Bh6 dxe4 8. Bxg7 Kxg7 9. Nxe4 b6 10. h4 Bb7 11. Ng3 Qd5 12. Kb1 h5 13. N1e2 Nd7 14. Nf4 Qa5 15. c3 Nf6 16. Bd3 c5 17. dxc5 Qxc5 18. Bc2 Rad8 19. Qe2 Ned5 20. Nd3 Qc7 21. Qd2 b5 22. Qg5 b4 23. cxb4 Qc4 24. Bb3 Qg4 25. Qe5 Nxb4 26. Nxb4 Qxb4 27. Nxh5+ gxh5 28. Qg5+ Kh7 29. Qxf6 Be4+ 30. Ka1 Rxd1+ 31. Rxd1 Bg6 32. f3 Rc8 33. Qg5 Rc5 34. Qe3 a5 35. a3 Qb5 36. g4 a4 37. Ba2 Rc2 38. Qd4 e5 39. Qb4 Qc6 40. Qe1 Qxf3 41. gxh5 Qxh5 42. Bb1 Rc6 43. Bxg6+ Rxg6 44. Rd5 Re6 45. Qe3 Qxh4 46. Rxe5 Rxe5 47. Qxe5 Qg4 48. Qh2+ Kg6 49. Ka2 f5 50. Qd6+ Kh5 51. Qe5 Kh4 52. Qh2+ Kg5 53. Qe5 Qc4+ 54. Ka1 Qc1+ 55. Ka2 Qc4+ 56. Ka1 Kg4 57. Qg7+ Kf3 58. Qb7+ Qe4 59. Qb6 f4 60. b4 Qe1+ 61. Kb2 Qd2+ 62. Kb1 Qd1+ 63. Kb2 Qb3+ 64. Kc1 Qxa3+ 65. Kc2 Qb3+ 66. Kd2 Qe3+ 0-1

[Event "RUS-chT Men Rapid 2019"]
[Site "Sochi"]
[Date "2019.10.19"]
[Round "6.1"]
[White "Grachev, Boris"]
[Black "Drygalov, Andrey"]
[Result "1/2-1/2"]
[ECO "D43"]
[WhiteElo "2621"]
[BlackElo "2484"]
[Annotator "ChessBase"]
[PlyCount "45"]
[EventDate "2019.10.18"]
[EventType "swiss"]
[EventCountry "RUS"]
[SourceTitle "playchess.com"]
[Source "ChessBase"]
[SourceQuality "1"]
[TimeControl "900+10"]

1. Nf3 d5 2. d4 Nf6 3. c4 e6 4. Nc3 c6 5. cxd5 exd5 6. Bg5 Be7 7. Qc2 g6 8. Bxf6 Bxf6 9. e4 dxe4 10. Qxe4+ Qe7 11. Bc4 O-O 12. Qxe7 Bxe7 13. O-O Bf5 14. Rfe1 Bf6 15. h3 h5 16. Ne5 Nd7 17. Nxd7 Bxd7 18. Ne4 Be7 19. Nc5 Bxc5 20. dxc5 Rfe8 21. f4 Bf5 22. Rad1 Kf8 23. Kf2 1/2-1/2

[Event "RUS-chT Men Rapid 2019"]
[Site "Sochi"]
[Date "2019.10.19"]
[Round "6.2"]
[White "Lugovskoy, Maxim"]
[Black "Potkin, Vladimir"]
[Result "1/2-1/2"]
[ECO "B40"]
[WhiteElo "2436"]
[BlackElo "2583"]
[Annotator "ChessBase"]
[PlyCount "138"]
[EventDate "2019.10.18"]
[EventType "swiss"]
[EventCountry "RUS"]
[SourceTitle "playchess.com"]
[Source "ChessBase"]
[SourceQuality "1"]
[TimeControl "900+10"]

1. e4 c5 2. Nf3 e6 3. c3 Nf6 4. e5 Nd5 5. d4 cxd4 6. cxd4 d6 7. Bc4 Be7 8. O-O O-O 9. Qe2 Nc6 10. Rd1 Na5 11. Bxd5 exd5 12. Nc3 Be6 13. Bf4 a6 14. Rac1 Rc8 15. h3 Nc6 16. Qd2 Re8 17. Ne2 h6 18. Ng3 dxe5 19. dxe5 d4 20. Nh5 Bd5 21. Nxd4 Nxd4 22. Qxd4 Rxc1 23. Bxc1 Be6 24. Qa4 Qc8 25. Be3 b5 26. Qe4 Bxa2 27. Rc1 Qd7 28. Qf3 Qe6 29. Nxg7 Kxg7 30. Rc6 Qd5 31. Qg4+ Bg5 32. Rd6 Qc4 33. Bxg5 hxg5 34. Qxg5+ Kf8 35. e6 Qe4 36. Qh6+ Kg8 37. Qg5+ Kf8 38. exf7 Bxf7 39. Qh6+ Kg8 40. Qg5+ Kf8 41. f4 a5 42. Kh2 a4 43. Qh6+ Kg8 44. Qg5+ Kf8 45. h4 b4 46. h5 Qe7 47. Rf6 Qe4 48. Rf5 Re6 49. h6 Qd4 50. Re5 Rxe5 51. fxe5 Qe4 52. Qd8+ Be8 53. Qf6+ Bf7 54. e6 Qxe6 55. Qg7+ Ke8 56. h7 Qd6+ 57. Qg3 Qh6+ 58. Qh3 Qf4+ 59. Kh1 Qf1+ 60. Kh2 Qf4+ 61. Kg1 Qc1+ 62. Kf2 Qd2+ 63. Kg3 Qe3+ 64. Kh2 Qf4+ 65. g3 Qd2+ 66. Qg2 Qh6+ 67. Qh3 Qd2+ 68. Qg2 Qh6+ 69. Qh3 Qd2+ 1/2-1/2

[Event "RUS-chT Men Rapid 2019"]
[Site "Sochi"]
[Date "2019.10.19"]
[Round "6.3"]
[White "Savchenko, Boris"]
[Black "Vastrukhin, Oleg"]
[Result "1-0"]
[ECO "C18"]
[WhiteElo "2581"]
[BlackElo "2428"]
[Annotator "ChessBase"]
[PlyCount "149"]
[EventDate "2019.10.18"]
[EventType "swiss"]
[EventCountry "RUS"]
[SourceTitle "playchess.com"]
[Source "ChessBase"]
[SourceQuality "1"]
[TimeControl "900+10"]

1. e4 e6 2. d4 d5 3. Nc3 Bb4 4. e5 c5 5. a3 Bxc3+ 6. bxc3 Nc6 7. Qg4 g6 8. Nf3 Qa5 9. Bd2 c4 10. Be2 Bd7 11. O-O O-O-O 12. Rfb1 f5 13. exf6 Nxf6 14. Qf4 Rdf8 15. Be1 Ne4 16. Qe3 Qa4 17. Ra2 Rf5 18. Ne5 Nxe5 19. dxe5 Qa5 20. a4 Rhf8 21. Bg4 Rf4 22. f3 Qc5 23. Qxc5+ Nxc5 24. Bd2 Rxg4 25. fxg4 Ne4 26. Rd1 a5 27. Be1 Kc7 28. Ra3 g5 29. Bd2 h6 30. Be3 b6 31. Rf1 Rxf1+ 32. Kxf1 Kb7 33. Ke1 Ka6 34. Bd4 Be8 35. Ra1 Bc6 36. Ke2 Bd7 37. Ke3 Bc6 38. g3 Be8 39. Rb1 b5 40. axb5+ Bxb5 41. Ra1 a4 42. Ke2 Be8 43. Kd1 Kb7 44. Rb1+ Kc7 45. Kc1 Bg6 46. Rb5 Be8 47. Ra5 Bd7 48. Ra7+ Kd8 49. Bb6+ Ke8 50. Ra8+ Kf7 51. Bd4 Ke7 52. Rh8 a3 53. Ra8 Be8 54. Rxa3 h5 55. Ra7+ Kf8 56. gxh5 Bxh5 57. Be3 Bf3 58. Kb2 g4 59. Bd4 Bd1 60. Ra1 Bf3 61. Ka3 Ng5 62. Be3 Nf7 63. Bf4 Nd8 64. Kb4 Kg7 65. Kc5 Nf7 66. Ra6 d4 67. Kxd4 Bd5 68. Ra5 Nd8 69. Rxd5 exd5 70. Kxd5 Kf7 71. Kxc4 Ke6 72. Kb5 Kd5 73. c4+ Kd4 74. c5 Kd5 75. c4+ 1-0

[Event "RUS-chT Men Rapid 2019"]
[Site "Sochi"]
[Date "2019.10.19"]
[Round "6.4"]
[White "Utnasunov, Alexander"]
[Black "Popov, Ivan"]
[Result "0-1"]
[ECO "D25"]
[WhiteElo "2442"]
[BlackElo "2611"]
[Annotator "ChessBase"]
[PlyCount "62"]
[EventDate "2019.10.18"]
[EventType "swiss"]
[EventCountry "RUS"]
[SourceTitle "playchess.com"]
[Source "ChessBase"]
[SourceQuality "1"]
[TimeControl "900+10"]

1. d4 d5 2. c4 dxc4 3. e3 Nf6 4. Nf3 c5 5. Bxc4 cxd4 6. exd4 g6 7. Ne5 e6 8. Nc3 Bg7 9. O-O O-O 10. Re1 Nc6 11. Be3 Bd7 12. a3 Rc8 13. Ba2 Ne7 14. Qf3 Bc6 15. Nxc6 bxc6 16. Bg5 Ned5 17. Ne4 h6 18. Bh4 g5 19. Bxd5 Nxd5 20. Bg3 f5 21. Nd6 f4 22. Nxc8 fxg3 23. Qxg3 Bxd4 24. Rf1 Qxc8 25. Rae1 e5 26. b4 Qf5 27. b5 cxb5 28. Qb3 Qd7 29. g3 Kg7 30. Re4 Nc3 31. Ree1 Qf5 0-1

[Event "RUS-chT Men Rapid 2019"]
[Site "Sochi"]
[Date "2019.10.19"]
[Round "6.5"]
[White "Ponkratov, Pavel"]
[Black "Pridorozhni, Aleksei"]
[Result "1/2-1/2"]
[ECO "C43"]
[WhiteElo "2621"]
[BlackElo "2599"]
[Annotator "ChessBase"]
[PlyCount "180"]
[EventDate "2019.10.18"]
[EventType "swiss"]
[EventCountry "RUS"]
[SourceTitle "playchess.com"]
[Source "ChessBase"]
[SourceQuality "1"]
[TimeControl "900+10"]

1. e4 e5 2. Nf3 Nf6 3. d4 Nxe4 4. dxe5 d5 5. Nbd2 Nxd2 6. Bxd2 Be7 7. Bd3 c5 8. c3 Nc6 9. Qe2 Be6 10. h3 O-O 11. h4 Qd7 12. Ng5 Bf5 13. g4 Bxd3 14. Qxd3 g6 15. Qg3 f6 16. exf6 Bxf6 17. O-O-O Ne5 18. Bf4 Rae8 19. Ne4 Nxg4 20. f3 Bg7 21. Bd6 Ne3 22. Bxf8 Rxf8 23. Rd3 d4 24. cxd4 cxd4 25. Kb1 Qf5 26. h5 Qxf3 27. Qxf3 Rxf3 28. hxg6 hxg6 29. Rc1 Rf4 30. Ng5 b6 31. a3 Rf8 32. Ne6 Re8 33. Nxg7 Kxg7 34. Rxd4 Re7 35. Rg1 Nf5 36. Rdg4 Re6 37. Ka2 a5 38. Kb3 Nd6 39. Rd4 Rf6 40. Rd5 Nf7 41. Ka4 Nd6 42. Rg4 Kf7 43. Kb3 Ke6 44. Rdg5 Kf7 45. Re5 Rf3+ 46. Ka2 Rf6 47. Re3 Nf5 48. Rc3 Kg7 49. Kb3 Rd6 50. Ka2 Kf6 51. Rc8 Nh6 52. Rgc4 g5 53. R4c6 Nf5 54. Rf8+ Ke6 55. Rcc8 Ke5 56. Rc1 Ne3 57. Re1 Rd3 58. Rb8 g4 59. Rxb6 g3 60. Rb5+ Kf4 61. Rxa5 g2 62. Ra8 Kg3 63. Rg8+ Kf2 64. Rc1 Rd4 65. Rf8+ Kg3 66. Re1 Ng4 67. b4 Rd5 68. Kb3 Rh5 69. Rg1 Rh1 70. Rff1 Rh3 71. Rc1 Kf2+ 72. Ka4 Ne3 73. b5 Rh4+ 74. Kb3 Nf1 75. Rxg2+ Kxg2 76. Rc2+ Kf3 77. a4 Ne3 78. Rc5 Rh1 79. Kb4 Ke4 80. Rc8 Kd4 81. Rd8+ Nd5+ 82. Ka5 Kc5 83. Rc8+ Kd6 84. Ka6 Ra1 85. Rc4 Nc7+ 86. Kb6 Nd5+ 87. Kb7 Rb1 88. Rc6+ Kd7 89. b6 Nxb6 90. Rxb6 Rxb6+ 1/2-1/2

[Event "RUS-chT Men Rapid 2019"]
[Site "Sochi"]
[Date "2019.10.19"]
[Round "6.7"]
[White "Gutenev, Alexander"]
[Black "Belyakov, Bogdan"]
[Result "1/2-1/2"]
[ECO "C63"]
[WhiteElo "2469"]
[BlackElo "2495"]
[Annotator "ChessBase"]
[PlyCount "127"]
[EventDate "2019.10.18"]
[EventType "swiss"]
[EventCountry "RUS"]
[SourceTitle "playchess.com"]
[Source "ChessBase"]
[SourceQuality "1"]
[TimeControl "900+10"]

1. e4 e5 2. Nf3 Nc6 3. Bb5 f5 4. Nc3 fxe4 5. Nxe4 d5 6. Nxe5 dxe4 7. Nxc6 Qd5 8. c4 Qd6 9. Nxa7+ Bd7 10. Qh5+ g6 11. Bxd7+ Qxd7 12. Qe5+ Kf7 13. Nb5 c6 14. Qd4 Nf6 15. Qxd7+ Nxd7 16. Nc3 Nc5 17. d4 exd3 18. Be3 Na4 19. Nxa4 Rxa4 20. O-O-O Bg7 21. Rxd3 Rxa2 22. Rhd1 Ra1+ 23. Kc2 Rxd1 24. Rxd1 Ke6 25. Re1 Kd7 26. Bg5 Kd6 27. Be7+ Kd7 28. Bc5 Bf6 29. Rd1+ Kc7 30. Bd6+ Kc8 31. Bf4 Re8 32. Be3 Re5 33. Ra1 Bg5 34. Ra8+ Kc7 35. Bxg5 Rxg5 36. g3 Rf5 37. f4 g5 38. fxg5 Rf2+ 39. Kb3 Rxh2 40. Rh8 Rh3 41. Kb4 Kb6 42. g6 Rxg3 43. gxh7 Rh3 44. b3 Rh5 45. c5+ Ka7 46. Kc4 Rh4+ 47. Kd3 Rh3+ 48. Ke4 Rh1 49. Ke5 Rh2 50. Kd6 Rh1 51. Kc7 Rh2 52. Kc8 Rh1 53. b4 Rh4 54. Kc7 Rh1 55. Kd6 Rh2 56. Ke5 Rh1 57. Kd4 Rh4+ 58. Kc3 Rh1 59. Kb3 Rh2 60. b5 cxb5 61. Kb4 Rh1 62. Kxb5 Rh2 63. Kb4 Rh1 64. Kb5 1/2-1/2

[Event "RUS-chT Men Rapid 2019"]
[Site "Sochi"]
[Date "2019.10.19"]
[Round "6.8"]
[White "Savitskiy, Sergey"]
[Black "Radzhabov, Rodion"]
[Result "1-0"]
[ECO "B47"]
[WhiteElo "2407"]
[BlackElo "2404"]
[Annotator "NA"]
[PlyCount "147"]
[EventDate "2019.10.18"]
[EventType "swiss"]
[EventCountry "RUS"]
[SourceTitle "playchess.com"]
[Source "ChessBase"]
[SourceQuality "1"]
[TimeControl "900+10"]

1. e4 c5 2. Nf3 e6 3. d4 cxd4 4. Nxd4 Nc6 5. Nc3 Qc7 6. f4 a6 7. Nb3 b5 8. Bd3 Bb7 9. O-O Nf6 10. e5 b4 11. Ne4 Nxe4 12. Bxe4 d5 13. Bd3 g6 14. Be3 Na5 15. Nxa5 Qxa5 16. Qe1 Bc5 17. a3 Qb6 18. Bxc5 Qxc5+ 19. Qf2 d4 20. axb4 Qxb4 21. b3 Qb6 22. Ra4 Rd8 23. Rfa1 O-O 24. Bxa6 Bc6 25. R4a2 Qb4 26. Bd3 Rd7 27. h4 f6 28. Ra6 Bd5 29. R6a4 Qe7 30. exf6 Qxf6 31. Rf1 Bc6 32. Ra6 Bd5 33. Qg3 Kh8 34. Qg5 Qg7 35. Qe5 Kg8 36. Qxg7+ Kxg7 37. g3 Rc8 38. Ra4 Bb7 39. Re1 Rd6 40. Ra7 Rc7 41. Re5 Kf6 42. h5 Rdd7 43. hxg6 hxg6 44. Rg5 Rg7 45. Kf2 Rce7 46. Ke1 Rg8 47. Kd2 Reg7 48. Kc1 Bg2 49. Rxg7 Rxg7 50. Kb2 Bc6 51. b4 Be8 52. Kb3 Rc7 53. b5 Rc8 54. Kb4 Rb8 55. Rc5 Ke7 56. Kc4 Rd8 57. Be4 Rb8 58. Bc6 Bf7 59. Kxd4 Kd6 60. Rc3 Kc7 61. Kc5 g5 62. Rd3 Be8 63. Bxe8 Rxe8 64. b6+ Kb7 65. Rd7+ Kb8 66. Kb5 gxf4 67. gxf4 Rf8 68. c4 Rxf4 69. c5 Rf5 70. Re7 Re5 71. Ka6 Rxc5 72. Re8+ Rc8 73. Rxc8+ Kxc8 74. Ka7 1-0

[Event "RUS-chT Men Rapid 2019"]
[Site "Sochi"]
[Date "2019.10.19"]
[Round "6.9"]
[White "Bocharov, Dmitry"]
[Black "Yatzenko, Anton"]
[Result "1/2-1/2"]
[ECO "A11"]
[WhiteElo "2519"]
[BlackElo "2383"]
[Annotator "ChessBase"]
[PlyCount "149"]
[EventDate "2019.10.18"]
[EventType "swiss"]
[EventCountry "RUS"]
[SourceTitle "playchess.com"]
[Source "ChessBase"]
[SourceQuality "1"]
[TimeControl "900+10"]

1. c4 c6 2. Nf3 d5 3. e3 Nf6 4. Nc3 e6 5. b3 Bd6 6. Bb2 O-O 7. d4 Nbd7 8. Bd3 e5 9. cxd5 cxd5 10. dxe5 Nxe5 11. h3 Bd7 12. O-O Qe7 13. Nb5 Bxb5 14. Bxb5 Nxf3+ 15. Qxf3 Be5 16. Qe2 Rac8 17. Rfd1 Ne4 18. Rac1 Bxb2 19. Qxb2 Qf6 20. Qxf6 Nxf6 21. Kf1 Rfd8 22. Bd3 g6 23. Ke2 Kf8 24. f4 Ke7 25. Kf3 h5 26. g4 hxg4+ 27. hxg4 Nd7 28. g5 Rxc1 29. Rxc1 Nb6 30. e4 dxe4+ 31. Bxe4 Rd7 32. a4 Kd8 33. a5 Nc8 34. f5 Nd6 35. f6 Rc7 36. Rxc7 Kxc7 37. Bd5 b6 38. b4 Kd7 39. Kf4 Ke8 40. Bc6+ Kd8 41. Bd5 Ke8 42. Ke5 Nf5 43. Bc6+ Kd8 44. Be4 Ne3 45. Kd4 Ng4 46. Bd5 Ke8 47. Bf3 Nf2 48. Bg2 Ng4 49. Bc6+ Kd8 50. Bf3 Nf2 51. Bg2 Ng4 52. a6 Ke8 53. Bf3 Nf2 54. Bc6+ Kd8 55. Bg2 Ng4 56. Ke4 Nf2+ 57. Ke3 Ng4+ 58. Kd4 Ke8 59. b5 Kd8 60. Ke4 Ke8 61. Kf4 Nf2 62. Ke3 Ng4+ 63. Ke2 Ne5 64. Bd5 Nd7 65. Ke3 Nf8 66. Kf4 Nh7 67. Bc6+ Kd8 68. Kg4 Nf8 69. Kg3 Ne6 70. Kg4 Kc7 71. Be8 Nd8 72. Kf4 Ne6+ 73. Kg4 Nd8 74. Kf4 Ne6+ 75. Kg4 1/2-1/2

[Event "RUS-chT Men Rapid 2019"]
[Site "Sochi"]
[Date "2019.10.19"]
[Round "6.10"]
[White "Goltsev, Dmitry"]
[Black "Yuffa, Daniil"]
[Result "0-1"]
[ECO "A00"]
[WhiteElo "2309"]
[BlackElo "2577"]
[Annotator "ChessBase"]
[PlyCount "134"]
[EventDate "2019.10.18"]
[EventType "swiss"]
[EventCountry "RUS"]
[SourceTitle "playchess.com"]
[Source "ChessBase"]
[SourceQuality "1"]
[TimeControl "900+10"]

1. g3 Nf6 2. Bg2 d6 3. e4 c5 4. Ne2 g6 5. O-O Bg7 6. c3 O-O 7. d4 Nc6 8. h3 e5 9. Be3 b6 10. f4 Ba6 11. fxe5 dxe5 12. d5 Ne7 13. b3 Ne8 14. c4 Nd6 15. Nbc3 f5 16. Qd3 Bc8 17. Kh2 Bd7 18. a4 a5 19. Rf2 Qc7 20. Raf1 Rf7 21. Qd2 Raf8 22. Nc1 Qc8 23. h4 Kh8 24. Nd3 Ng8 25. Kg1 Qe8 26. Re2 Nf6 27. Nf2 Nh5 28. Nh1 f4 29. Ref2 Bh6 30. Bxc5 bxc5 31. Nb5 Nxb5 32. axb5 Kg7 33. Qxa5 fxg3 34. Rxf7+ Rxf7 35. Rxf7+ Qxf7 36. Qc3 Qf6 37. Nxg3 Nf4 38. b6 Qxb6 39. Qxe5+ Kf7 40. Qc3 Qf6 41. e5 Qxh4 42. e6+ Nxe6 43. dxe6+ Bxe6 44. Ne4 Bg7 45. Qg3 Qxg3 46. Nxg3 Bd4+ 47. Kf1 Kf6 48. Ke2 Ke5 49. Ne4 h5 50. Ng5 Bg4+ 51. Kd3 Kf4 52. Ne4 Bg1 53. Nc3 g5 54. b4 cxb4 55. Nd5+ Kg3 56. Be4 Bc5 57. Nf6 h4 58. Nh7 Kf4 59. Nf6 Bf5 60. Nd5+ Ke5 61. Bxf5 Kxf5 62. Ke2 h3 63. Kf3 g4+ 64. Kg3 Bd6+ 65. Kf2 g3+ 66. Kf3 g2 67. Ne3+ Kg5 0-1

[Event "RUS-chT Men Rapid 2019"]
[Site "Sochi"]
[Date "2019.10.19"]
[Round "6.12"]
[White "Kolchin, Maxim"]
[Black "Khismatullin, Denis"]
[Result "0-1"]
[ECO "A46"]
[WhiteElo "2077"]
[BlackElo "2611"]
[Annotator "ChessBase"]
[PlyCount "50"]
[EventDate "2019.10.18"]
[EventType "swiss"]
[EventCountry "RUS"]
[SourceTitle "playchess.com"]
[Source "ChessBase"]
[SourceQuality "1"]
[TimeControl "900+10"]

1. d4 Nf6 2. Nf3 e6 3. Bf4 Be7 4. h3 b6 5. e3 c5 6. Nc3 cxd4 7. Nxd4 a6 8. Qf3 d5 9. O-O-O Bb7 10. Bh2 Nbd7 11. Qg3 O-O 12. Be2 Rc8 13. Kb1 Rxc3 14. bxc3 Ne4 15. Qf3 Ndc5 16. Rd3 Bf6 17. Rhd1 Qe7 18. Ka1 Rc8 19. Bf1 Nxd3 20. Bxd3 Nxc3 21. Rb1 Nxb1 22. Kxb1 g6 23. Nb3 e5 24. Qe2 a5 25. Bb5 Qa3 0-1

[Event "RUS-chT Men Rapid 2019"]
[Site "Sochi"]
[Date "2019.10.19"]
[Round "6.13"]
[White "Tsydypov, Zhamsaran"]
[Black "Zakhartsov, Vladimir"]
[Result "1/2-1/2"]
[ECO "C42"]
[WhiteElo "2553"]
[BlackElo "2514"]
[Annotator "ChessBase"]
[PlyCount "81"]
[EventDate "2019.10.18"]
[EventType "swiss"]
[EventCountry "RUS"]
[SourceTitle "playchess.com"]
[Source "ChessBase"]
[SourceQuality "1"]
[TimeControl "900+10"]

1. e4 e5 2. Nf3 Nf6 3. Nxe5 d6 4. Nf3 Nxe4 5. d4 d5 6. Bd3 Bd6 7. O-O O-O 8. c4 c6 9. Nc3 Nxc3 10. bxc3 dxc4 11. Bxc4 Bg4 12. Rb1 Qc7 13. h3 Bh5 14. Bd3 Kh8 15. c4 b6 16. Bb2 Nd7 17. Re1 Rae8 18. Rxe8 Rxe8 19. g4 Bg6 20. Nh4 c5 21. Bxg6 hxg6 22. Nf3 cxd4 23. Bxd4 Bc5 24. Bxc5 Nxc5 25. Qd2 Ne6 26. Re1 Rd8 27. Qe2 Nf4 28. Qe7 Nxh3+ 29. Kg2 Nf4+ 30. Kh2 Rc8 31. Qxc7 Rxc7 32. Re8+ Kh7 33. Kg3 Ne6 34. Ne5 Ng5 35. f4 Ne4+ 36. Kg2 Nd6 37. Rd8 Nb7 38. Rf8 Nd6 39. Rd8 Nb7 40. Rf8 Nd6 41. Rd8 1/2-1/2

[Event "RUS-chT Men Rapid 2019"]
[Site "Sochi"]
[Date "2019.10.19"]
[Round "6.14"]
[White "Bryakin, Mikhail"]
[Black "Triapishko, Alexandr"]
[Result "1/2-1/2"]
[ECO "E04"]
[WhiteElo "2440"]
[BlackElo "2514"]
[Annotator "ChessBase"]
[PlyCount "37"]
[EventDate "2019.10.18"]
[EventType "swiss"]
[EventCountry "RUS"]
[SourceTitle "playchess.com"]
[Source "ChessBase"]
[SourceQuality "1"]
[TimeControl "900+10"]

1. d4 Nf6 2. c4 e6 3. Nf3 d5 4. g3 dxc4 5. Bg2 Bb4+ 6. Bd2 c5 7. a3 Bxd2+ 8. Nbxd2 cxd4 9. Nxc4 Nc6 10. O-O O-O 11. b4 d3 12. exd3 Bd7 13. Rc1 Nd5 14. Qd2 Nce7 15. Nce5 Be8 16. Nc4 Rc8 17. Rfe1 b6 18. Nfe5 Rc7 19. Ne3 1/2-1/2

[Event "RUS-chT Men Rapid 2019"]
[Site "Sochi"]
[Date "2019.10.19"]
[Round "6.15"]
[White "Moiseenko, Vadim"]
[Black "Golubov, Saveliy"]
[Result "0-1"]
[ECO "B09"]
[WhiteElo "2532"]
[BlackElo "2469"]
[Annotator "ChessBase"]
[PlyCount "106"]
[EventDate "2019.10.18"]
[EventType "swiss"]
[EventCountry "RUS"]
[SourceTitle "playchess.com"]
[Source "ChessBase"]
[SourceQuality "1"]
[TimeControl "900+10"]

1. e4 g6 2. d4 Bg7 3. Nc3 d6 4. f4 Nf6 5. Nf3 O-O 6. Bd3 Na6 7. O-O c5 8. d5 Bg4 9. h3 Bxf3 10. Rxf3 Nc7 11. a4 e6 12. dxe6 Nxe6 13. Rf1 Nd4 14. Be3 Re8 15. Qd2 Nh5 16. Qf2 f5 17. Rad1 fxe4 18. Nxe4 Rc8 19. c3 c4 20. Bxd4 cxd3 21. Rfe1 Bxd4 22. Qxd4 d5 23. Nf2 Rxe1+ 24. Rxe1 Rc4 25. Qxd3 Nxf4 26. Qf3 Nh5 27. Ng4 Rf4 28. Qd3 Rxa4 29. b4 Ra6 30. Kh1 Nf6 31. Qb5 Nxg4 32. Re8+ Kf7 33. Qxa6 Qxe8 34. Qxb7+ Qe7 35. Qxd5+ Qe6 36. Qb7+ Kg8 37. Qa8+ Kf7 38. Qb7+ Kg8 39. Qb8+ Kf7 40. Qxa7+ Kf6 41. Qd4+ Ne5 42. b5 Qb3 43. b6 Ke6 44. Qd8 Qb2 45. Qc8+ Kd5 46. Qd8+ Ke6 47. Qc8+ Kd5 48. c4+ Ke4 49. Qa8+ Kf5 50. Qf8+ Ke4 51. c5 h5 52. Qf1 Kd5 53. Qe1 Qb5 0-1

[Event "RUS-chT Men Rapid 2019"]
[Site "Sochi"]
[Date "2019.10.19"]
[Round "6.16"]
[White "Apryshko, Gleb"]
[Black "Rozum, Ivan"]
[Result "1/2-1/2"]
[ECO "B40"]
[WhiteElo "2382"]
[BlackElo "2599"]
[Annotator "ChessBase"]
[PlyCount "158"]
[EventDate "2019.10.18"]
[EventType "swiss"]
[EventCountry "RUS"]
[SourceTitle "playchess.com"]
[Source "ChessBase"]
[SourceQuality "1"]
[TimeControl "900+10"]

1. e4 c5 2. Nf3 e6 3. Nc3 a6 4. g3 Nc6 5. Bg2 Nge7 6. d4 cxd4 7. Nxd4 Nxd4 8. Qxd4 Nc6 9. Qd3 Ne5 10. Qe2 Bc5 11. Be3 Qb6 12. Na4 Qa5+ 13. Qd2 Qxd2+ 14. Bxd2 Ba7 15. Ba5 Nc4 16. Bb4 b5 17. b3 a5 18. bxc4 axb4 19. cxb5 Bb7 20. b6 Bb8 21. Nc5 Be5 22. Rb1 Bc6 23. O-O Bc3 24. b7 Rb8 25. e5 Bxg2 26. Kxg2 Ke7 27. Rfd1 Rhd8 28. f4 f6 29. Ne4 Rxb7 30. Nxc3 Rc8 31. Rd3 Rbc7 32. Ne2 Rxc2 33. Kf3 fxe5 34. fxe5 Rf8+ 35. Ke3 Rf5 36. Nd4 Rxe5+ 37. Kf4 Rcc5 38. Rxb4 Re1 39. Nf3 e5+ 40. Kg4 h5+ 41. Kh3 Rf1 42. Rb7 Ke6 43. Rbxd7 Rxf3 44. R7d6+ Ke7 45. Rd7+ Ke6 46. Rxf3 Kxd7 47. Rf7+ Ke6 48. Rxg7 e4 49. Rg6+ Kf5 50. Rh6 Kg5 51. Re6 Kf5 52. Rh6 Kg5 53. Re6 Kf5 54. Re8 Rc2 55. a4 Ra2 56. Ra8 Ke6 57. Re8+ Kd5 58. Rd8+ Kc4 59. Re8 Kd3 60. a5 Rxa5 61. g4 e3 62. Kh4 hxg4 63. Kxg4 e2 64. h4 Ra8 65. Re7 Rg8+ 66. Kf5 Rf8+ 67. Kg6 Rg8+ 68. Kf5 Rh8 69. Kg5 Rg8+ 70. Kf5 Rg1 71. h5 e1=Q 72. Rxe1 Rxe1 73. h6 Rh1 74. Kg6 Ke4 75. h7 Rg1+ 76. Kf7 Rh1 77. Kg7 Kf5 78. h8=Q Rxh8 79. Kxh8 Ke5 1/2-1/2

[Event "RUS-chT Men Rapid 2019"]
[Site "Sochi"]
[Date "2019.10.19"]
[Round "6.17"]
[White "Tekeyev, Zaur"]
[Black "Timofeev, Artyom"]
[Result "1-0"]
[ECO "C10"]
[WhiteElo "2384"]
[BlackElo "2595"]
[Annotator "ChessBase"]
[PlyCount "309"]
[EventDate "2019.10.18"]
[EventType "swiss"]
[EventCountry "RUS"]
[SourceTitle "playchess.com"]
[Source "ChessBase"]
[SourceQuality "1"]
[TimeControl "900+10"]

1. e4 e6 2. d4 d5 3. Nd2 dxe4 4. Nxe4 Nd7 5. Nf3 Ngf6 6. Bd3 Be7 7. Nxf6+ Bxf6 8. Qe2 c5 9. d5 e5 10. h4 Qe7 11. c4 Nb6 12. Ng5 h6 13. Ne4 Bf5 14. Be3 Bxe4 15. Bxe4 Rd8 16. g3 Nc8 17. b4 b6 18. bxc5 bxc5 19. Rb1 Qc7 20. Rb5 Be7 21. Bc2 a6 22. Rb2 Nd6 23. O-O O-O 24. Rfb1 Rc8 25. Rb6 Qd7 26. Rxa6 f5 27. Bd2 e4 28. Ba4 Qd8 29. Bf4 Nf7 30. Rb7 Bf6 31. Rd7 Qe8 32. Raa7 e3 33. f3 Bd4 34. Rxf7 Rxf7 35. Bxe8 Rxa7 36. Bb5 Rxa2 37. Qxa2 e2+ 38. Kh2 e1=Q 39. Bd7 Bf2 40. Bxf5 h5 41. Qb1 Qxb1 42. Bxb1 Re8 43. Be4 Bd4 44. d6 Bf6 45. d7 Rf8 46. Bd5+ Kh7 47. Bd6 Rd8 48. Be6 Ra8 49. Bxc5 Bd8 50. Bd6 Ra2+ 51. Kh3 Re2 52. Bf5+ g6 53. Be4 Re1 54. c5 Rc1 55. c6 Kg7 56. Ba3 Rc4 57. Bb2+ Kh7 58. Be5 Rc5 59. Bd6 Rc1 60. Kg2 Kg7 61. Kf2 Kf6 62. Bf4 Rc5 63. Ke3 Ke6 64. Kd4 Bb6 65. Kd3 Bd8 66. Be3 Ra5 67. Kc4 Ra4+ 68. Kb5 Ra5+ 69. Kb4 Ra2 70. Bf4 Rb2+ 71. Kc4 Ra2 72. Bd5+ Kf5 73. Be4+ Ke6 74. c7 Bxc7 75. Bxc7 Kxd7 76. Bf4 Ra6 77. Bg5 Ke8 78. Bd5 Kf8 79. Bh6+ Ke7 80. Kd4 Kf6 81. Bg5+ Kg7 82. Be4 Ra5 83. Ke3 Rb5 84. Kf4 Ra5 85. Bd8 Rb5 86. Be7 Kf7 87. Bd6 Kg7 88. Bd3 Ra5 89. Be5+ Kh6 90. Ke4 Rc5 91. Bd4 Ra5 92. Bc4 Ra8 93. Be6 Rf8 94. f4 Ra8 95. f5 gxf5+ 96. Bxf5 Ra3 97. Be3+ Kg7 98. Kf4 Kh6 99. Be4 Ra5 100. Bd2 Rb5 101. Bf5 Rb2 102. Be3 Rb3 103. Ke4+ Kg7 104. Bd7 Kf7 105. Bf4 Rb7 106. Bc6 Rb6 107. Bd5+ Kf6 108. Bg5+ Kg6 109. Ke5 Rb5 110. Bd2 Rb2 111. Be4+ Kg7 112. Bf4 Rb5+ 113. Ke6 Rb6+ 114. Ke7 Rb5 115. Bc6 Ra5 116. Be8 Ra7+ 117. Ke6 Ra6+ 118. Kf5 Ra5+ 119. Be5+ Kh6 120. Bf7 Rb5 121. Kf6 Rb6+ 122. Be6 Ra6 123. Bd4 Kh7 124. Kf7 Ra5 125. Bb6 Rb5 126. Be3 Ra5 127. Bd4 Kh6 128. Bb3 Rf5+ 129. Bf6 Rf3 130. Bd1 Rf1 131. Be2 Rf2 132. Bb5 Rf3 133. Bd7 Rxg3 134. Bf5 Rg2 135. Bd4 Rg5 136. hxg5+ Kxg5 137. Ke6 Kf4 138. Bf2 h4 139. Bxh4 Ke3 140. Ke5 Kf3 141. Bg5 Ke2 142. Kd4 Kf3 143. Kd3 Kf2 144. Bf4 Kf3 145. Be3 Kg3 146. Ke4 Kh4 147. Kf4 Kh5 148. Bd4 Kh4 149. Bf6+ Kh5 150. Ke5 Kh6 151. Ke6 Kh5 152. Kf7 Kh6 153. Bg4 Kh7 154. Bg5 Kh8 155. Kf8 1-0

[Event "RUS-chT Men Rapid 2019"]
[Site "Sochi"]
[Date "2019.10.19"]
[Round "6.18"]
[White "Iljin, Artem"]
[Black "Kozak, Alexander"]
[Result "1-0"]
[ECO "A04"]
[WhiteElo "2509"]
[BlackElo "2230"]
[Annotator "ChessBase"]
[PlyCount "47"]
[EventDate "2019.10.18"]
[EventType "swiss"]
[EventCountry "RUS"]
[SourceTitle "playchess.com"]
[Source "ChessBase"]
[SourceQuality "1"]
[TimeControl "900+10"]

1. Nf3 g6 2. d4 Bg7 3. c4 d6 4. Nc3 e5 5. e4 Nc6 6. Bg5 f6 7. Be3 Nh6 8. dxe5 dxe5 9. Qxd8+ Nxd8 10. Nd5 Ne6 11. Bxh6 Bxh6 12. Nxf6+ Ke7 13. Ng4 Bg7 14. Ngxe5 Nc5 15. O-O-O Nxe4 16. Re1 Bh6+ 17. Kc2 Kf6 18. Rxe4 Bf5 19. Bd3 Rad8 20. Rh4 Bg5 21. Nxg5 Kxg5 22. Nf3+ Kf6 23. Bxf5 Kxf5 24. Re1 1-0